Map: Korhal Carnage Knockout LE

Players

Miszu

  • Race: Terran Terran
  • League: Master

FeaR - Winner!

  • Race: Protoss Protoss
  • League: Master

VOD

Have the link to the VOD?

Description

Time

  • Played on: April 30, 2016, 5:49 a.m.
  • Length: 5:33
Show
View Real Time Build Order
Export as new Build Order

Miszu Terran 

Build Orders: Command Center First (CC) 

Get SALT Encoding   

  12  0:01  SCV  
  13  0:13  SCV  
  14  0:17  Supply Depot  
  14  0:25  SCV  
  15  0:39  SCV  
  16  0:51  SCV  
  17  1:00  Command Center  
  17  1:03  SCV  
  18  1:16  Barracks  
  18  1:17  SCV  
  19  1:30  SCV  
  19  1:31  Barracks  
  20  1:42  SCV  
  20  1:45  Barracks  
  21  1:54  SCV  
  22  2:05  Marine  
  22  2:06  Orbital Command  
  23  2:17  Orbital Command  
  23  2:19  Marine  
  24  2:23  Marine  
  25  2:31  SCV  
  25  2:32  Marine  
  27  2:37  Refinery  
  27  2:38  Refinery  
  27  2:39  Marine  
  27  2:41  Marine  
  27  2:43  SCV  
  30  2:44  SCV  
  30  2:49  Marine  
  32  2:56  SCV  
  32  2:57  Marine  
  34  2:59  Supply Depot, Marine  
  34  3:00  SCV  
  36  3:07  Marine  
  36  3:08  SCV  
  36  3:11  Supply Depot  
  38  3:15  Barracks Tech Lab  
  38  3:20  Marine, SCV x2  
  38  3:25  Marine  
  42  3:32  SCV x2  
  42  3:33  Marine  
  45  3:38  Marine  
  46  3:43  Marine  
  46  3:44  Supply Depot, SCV x2  
  46  3:46  Factory  
  49  3:51  Marine  
  50  3:55  Marine  
  50  3:56  SCV x2  
  50  4:02  Engineering Bay  
  53  4:03  Refinery  
  53  4:04  Marine  
  53  4:08  Supply Depot, SCV x2  
  56  4:13  Marine x2  
  58  4:19  Supply Depot  
  58  4:21  SCV x2  
  60  4:26  Marine  
  61  4:31  Marine  
  61  4:32  Starport  
  61  4:33  Factory Reactor  
  61  4:35  SCV  
  63  4:39  Marauder  
  63  4:40  SCV  
  63  4:44  Supply Depot  
  66  4:47  SCV  
  66  4:49  Barracks Reactor, Barracks Tech Lab  
  67  4:53  SCV  
  67  4:59  Supply Depot  
  68  5:01  Marauder  
  68  5:03  SCV  
  71  5:09  Marauder  
Show
View Real Time Build Order
Export as new Build Order

FeaR Protoss - Winner!

Build Orders: 1 Gate Expand 

Get SALT Encoding   

  12  0:01  Probe (Chrono Boost)  
  13  0:11  Probe (Chrono Boost)  
  14  0:18  Pylon  
  14  0:22  Probe (Chrono Boost)  
  15  0:36  Gateway, Probe (Chrono Boost)  
  16  0:47  Probe (Chrono Boost)  
  16  0:48  Assimilator  
  17  0:57  Probe (Chrono Boost)  
  18  1:08  Probe (Chrono Boost)  
  20  1:18  Probe (Chrono Boost)  
  20  1:26  Nexus  
  20  1:29  Probe (Chrono Boost)  
  21  1:37  Cybernetics Core  
  21  1:45  Assimilator  
  21  1:46  Probe (Chrono Boost)  
  22  1:56  Probe (Chrono Boost)  
  22  1:57  Pylon  
  23  2:13  Warp Gate  
  23  2:15  Adept (Chrono Boost), Probe (Chrono Boost)  
  26  2:22  Twilight Council  
  26  2:25  Probe  
  27  2:32  Forge  
  27  2:38  Probe x2 (Chrono Boost)  
  29  2:49  Probe x2 (Chrono Boost)  
  31  2:58  Resonating Glaives  
  31  2:59  Probe x2 (Chrono Boost)  
  33  3:07  Protoss Ground Weapons Level 1 (Chrono Boost)  
  33  3:08  Probe  
  33  3:10  Probe  
  35  3:17  Robotics Facility  
  35  3:19  Probe  
  35  3:22  Probe  
  37  3:29  Probe  
  38  3:34  Probe  
  38  3:40  Probe  
  39  3:45  Gateway  
  39  3:46  Gateway, Probe  
  41  3:48  Gateway  
  41  3:51  Probe  
  41  3:53  Pylon  
  42  4:01  Warp Prism (Chrono Boost)  
  44  4:10  Gateway  
  44  4:11  Gateway  
  44  4:13  Gateway  
  44  4:19  Gateway  
  44  4:23  Adept  
  46  4:27  Mothership Core  
  46  4:30  Pylon  
  48  4:42  Adept x2  
  48  4:45  Adept  
  54  4:49  Pylon  
  54  4:50  Pylon  
  54  4:57  Pylon  
  54  5:07  Adept x3  
  54  5:08  Adept x3  
  54  5:12  Adept  
  68  5:20  Adept  
  70  5:26  Adept x2  
  71  5:30  Adept x2  
Tags
 
Add a new tag
Caveats
  • Supply blocks, unpowered buildings, or Contaminate may cause inaccurate times.
  • Supply counts are checked every 10 seconds.